Map: King Sejong Station LE

Players

blackxored

  • Race: Zerg Zerg
  • League: Diamond

agliza - Winner!

  • Race: Zerg Zerg
  • League: Diamond

VOD

Have the link to the VOD?

Description

Time

  • Played on: July 1, 2016, 10:26 p.m.
  • Length: 9:31
Show
View Real Time Build Order
Export as new Build Order

blackxored Zerg 

Build Orders: Pool First, Zergling Baneling 

Get SALT Encoding   

  12  0:01  Drone  
  13  0:08  Drone  
  14  0:19  Extractor  
  14  0:20  Drone  
  14  0:33  Spawning Pool  
  13  0:35  Drone  
  14  0:45  Overlord  
  14  0:53  Extractor, Drone  
  15  1:04  Drone  
  15  1:05  Drone  
  15  1:10  Drone  
  18  1:20  Queen  
  20  1:26  Overlord  
  20  1:33  Metabolic Boost  
  20  1:36  Drone  
  21  1:44  Baneling Nest  
  20  1:52  Zergling x4  
  22  2:03  Zergling x2  
  23  2:15  Zergling x2  
  24  2:26  Spine Crawler  
  24  2:28  Baneling x3  
  24  2:29  Baneling  
  23  2:32  Zergling x4  
  23  2:33  Zergling x4  
  23  2:59  Zergling x4  
  25  3:13  Zergling x2  
  25  3:19  Hatchery  
  25  3:21  Baneling  
  25  3:22  Baneling  
  25  3:29  Drone  
  25  3:30  Drone  
  25  3:32  Zergling x4  
  29  3:38  Baneling x2  
  29  3:42  Zergling x2  
  29  3:47  Evolution Chamber  
  29  3:48  Drone  
  29  4:13  Zergling x6  
  29  4:19  Baneling x2  
  29  4:25  Zergling x2  
  29  4:36  Zergling x2  
  29  4:37  Zergling x8  
  32  4:48  Drone x2  
  34  4:57  Zerg Melee Weapons Level 1  
  34  5:03  Zergling x2  
  35  5:19  Overlord  
  35  5:37  Overlord, Queen  
  35  5:39  Drone  
  35  5:40  Drone x5  
  43  5:49  Overlord  
  43  5:57  Drone x4  
  43  6:02  Drone  
  48  6:10  Drone x4  
  52  6:17  Hatchery  
  52  6:18  Drone  
  52  6:20  Overlord  
  52  6:26  Lair  
  52  6:32  Extractor, Drone  
  52  6:33  Drone x2  
  52  6:39  Zergling x6  
  57  6:51  Zergling x8  
  57  6:52  Zergling x2  
  57  6:53  Zerg Ground Armor Level 1  
  62  7:00  Zergling x4  
  64  7:08  Baneling x2  
  64  7:10  Baneling  
  64  7:15  Baneling  
  64  7:21  Zergling x6  
  67  7:23  Overlord  
  67  7:30  Zergling x6  
  67  7:31  Zergling x4  
  72  7:39  Overlord  
  70  8:01  Zergling x2  
  70  8:02  Zergling x14  
  73  8:08  Zergling x2  
  61  8:16  Spire, Zergling x10  
  65  8:20  Spine Crawler  
  65  8:25  Zergling x4  
  65  8:26  Zergling x2  
  67  8:31  Zergling x2  
  67  8:32  Spine Crawler x2  
  66  8:40  Zergling x2  
  66  8:41  Zergling x4  
  68  8:54  Zergling x14  
  56  9:07  Zergling x8  
Show
View Real Time Build Order
Export as new Build Order

agliza Zerg - Winner!

Build Orders: Pool First 

Get SALT Encoding   

  12  0:01  Drone  
  13  0:22  Spawning Pool  
  13  0:27  Extractor  
  11  0:28  Drone  
  11  0:33  Drone  
  13  0:38  Drone  
  14  0:54  Overlord  
  14  1:12  Queen  
  14  1:14  Baneling Nest  
  14  1:15  Zergling x2  
  16  1:19  Zergling x2  
  16  1:25  Zergling x2  
  18  1:30  Zergling x2  
  19  1:40  Zergling x2  
  20  1:48  Zergling x2  
  21  1:58  Overlord  
  21  2:10  Baneling x2  
  21  2:12  Baneling  
  21  2:13  Baneling  
  21  2:14  Zergling x2  
  22  2:21  Zergling x6  
  21  2:52  Zergling x2  
  21  2:53  Zergling x8  
  24  3:17  Metabolic Boost  
  24  3:27  Hatchery  
  23  3:37  Drone x2  
  23  3:38  Drone  
  26  3:43  Drone  
  26  4:06  Baneling x2  
  24  4:20  Drone x4  
  24  4:21  Drone x2  
  27  4:35  Drone  
  25  4:39  Queen  
  25  4:43  Queen  
  25  4:45  Drone x2  
  31  4:52  Roach Warren, Extractor  
  29  4:58  Evolution Chamber  
  28  5:00  Zergling x2  
  28  5:01  Zergling x2  
  30  5:07  Drone  
  30  5:09  Drone  
  32  5:26  Zerg Ground Armor Level 1  
  32  5:30  Drone x3  
  35  5:36  Extractor, Drone x2  
  35  5:40  Overlord  
  37  5:49  Overlord  
  37  5:58  Overlord x3  
  37  6:06  Drone x3  
  40  6:24  Roach x6  
  52  6:27  Roach  
  52  6:31  Roach  
  56  6:36  Roach  
  56  6:37  Roach  
  60  6:40  Roach  
  62  6:49  Roach x3  
  62  6:54  Baneling x2  
  68  7:05  Roach  
  68  7:06  Roach x3  
  68  7:07  Overlord  
  76  7:18  Overlord  
  76  7:29  Roach  
  83  7:30  Roach x3  
  83  7:32  Overlord x2  
  83  7:39  Roach  
  83  7:40  Roach x2  
  89  8:01  Roach  
  89  8:02  Roach x2  
  94  8:08  Roach x4  
  96  8:13  Roach  
  98  8:22  Roach x2  
  98  8:23  Roach  
  98  8:26  Zergling x8  
  108  8:28  Overlord  
  96  9:11  Roach  
  96  9:12  Roach  
Tags
 
Add a new tag
Caveats
  • Supply blocks, unpowered buildings, or Contaminate may cause inaccurate times.
  • Supply counts are checked every 10 seconds.